 Dungeon Sprint DCSS version 0.26.1-11-gd32895ea62 (webtiles) character file.

Game seed: 10552863407587721687

5713 Zeld the Earth Mage (level 10, -3/40 HPs)
             Began as a Gargoyle Earth Elementalist on June 6, 2021.
             Was a High Priest of Sif Muna.
             Slain by a lindwurm (9 damage)
             ... in the Dungeon (Sprint I: "Red Sonja").
             The game lasted 00:04:00 (4214 turns).

Zeld the Earth Mage (Gargoyle Earth Elementalist)   Turns: 4214, Time: 00:04:00

Health: -3/40      AC: 16    Str:  9      XL:     10   Next: 76%
Magic:  0/21       EV: 16    Int: 17 (18) God:    Sif Muna [*****.]
Gold:   195        SH:  0    Dex: 10      Spells: 14/29 levels left

rFire    . . .     SeeInvis .   (no weapon)
rCold    . . .     Faith    .   (no shield)
rNeg     + . .     Spirit   .   c - +0 robe
rPois    ∞         Reflect  .   o - +2 helmet
rElec    +         Harm     .   l - +0 cloak {Will+}
rCorr    .         Rampage  .   m - +0 pair of gloves (curse)
Will     +....     Rnd*Rage +   p - +0 pair of boots Stlth ++........NoTele +
                                n - amulet of regeneration
HPRegen  0.53/turn              (no ring)
MPRegen  0.17/turn              (no ring)

@: no status effects
A: slimy green scales 1, berserk 3, deformed body, deterioration 1, dopey 1,
frail 2, low mp 1, negative energy resistance 1, screaming 1, electricity
resistance, weak 1, unbreathing, petrification resistance, no potion heal 1,
miasma immunity, subdued magic 2, AC +7
a: Renounce Religion, Channel Magic, Forget Spell, Divine Exegesis


You were in the Dungeon.
You worshipped Sif Muna.
Sif Muna was extremely pleased with you.
You visited 1 branch You collected 873 gold pieces.
You spent 678 gold pieces at shops.

Inventory:

Missiles
 b - 102 stones
Armour
 c - a +0 robe (worn)
 l - a +0 cloak of willpower (worn)
 m - a cursed +0 pair of gloves (worn)
 o - a +2 helmet (worn)
 p - a +0 pair of boots (worn)
Jewellery
 n - an amulet of regeneration (around neck)
Wands
 a - a wand of polymorph (30)
Scrolls
 h - a scroll of magic mapping
 i - a scroll of blinking
 j - a scroll of enchant weapon
 k - 2 scrolls of identify
Potions
 d - 3 potions of curing
 e - 2 potions of heal wounds
 f - a potion of haste
 g - 2 potions of magic


   Skills:
 + Level 9.5 Dodging
 - Level 2.1 Stealth
 + Level 10.3 Spellcasting
 - Level 0.7 Transmutations
 * Level 17.5 Earth Magic
 * Level 13.4 Invocations


You had 14 spell levels left.
You knew the following spells:

 Your Spells              Type           Power        Failure   Level
a - Sandblast             Erth           84%          0%          1
b - Passwall              Tmut/Erth      20%          1%          2
c - Stone Arrow           Conj/Erth      48%          1%          3
d - Petrify               Tmut/Erth      24%          1%          4
e - Lee's Rapid Deconstr  Erth           21%          1%          5

Your spell library contained the following spells:

 Spells                   Type           Power        Failure   Level
 Borgnjor's Vile Clutch   Necr/Erth      12%          3%          5
 Animate Skeleton         Necr           10%          5%          1
 Swiftness                Air            5%           8%          2
 Static Discharge         Conj/Air       5%           17%         3
 Simulacrum               Ice/Necr       2%           100%        6


Dungeon Overview and Level Annotations

Branches:
Dungeon (1/1)

Altars:
Cheibriados
Dithmenos
Elyvilon
Fedhas
Gozag
Hepliaklqana
Kikubaaqudgha
Makhleb
Nemelex Xobeh
Okawaru
Qazlal
Ru
Sif Muna
Trog
Uskayaw
Vehumet
Wu Jian
Xom
Yredelemnul
Zin
The Shining One
Jiyva
Lugonu

Shops:
D ?[}::*[


Innate Abilities, Weirdness & Mutations

You are resistant to torment.
Your stone body is resilient. (AC +7)
You are immune to poison.
You resist negative energy. (rN+)
You are resistant to electric shocks. (rElec)
You can survive without breathing.
You are immune to petrification.
You are immune to miasma.
You are partially covered in slimy green scales. (AC +2)
You have an uncontrollable temper.
Armour fits poorly on your strangely shaped body.
Your body sometimes deteriorates upon taking damage.
You are dopey. (Int -2)
You are very frail. (-20% HP)
Your magical capacity is low. (-10% MP)
You occasionally shout uncontrollably at your foes.
You are weak. (Str -2)
Potions are less effective at restoring your health.
Your spells are easier to cast, but less powerful.


Message History

Confirm with . or Enter, or press ? or * to list all spells.
You don't have enough magic to cast that spell.
You hit the lindwurm but do no damage.
The lindwurm is almost dead.
The lindwurm bites you!
Your body deteriorates!
You feel dopey. The lindwurm claws you. x2
Unknown command.
Casting: Stone Arrow (safe; 1% risk of failure)
Confirm with . or Enter, or press ? or * to list all spells.
Aiming: Passwall (safe; 1% risk of failure)
Press: ? - help, Dir - move target A rock wall.
The lindwurm bites you!
* * * LOW HITPOINT WARNING * * *
The lindwurm barely misses you.
The lindwurm claws you but does no damage.
You begin to meditate on the wall.
You continue meditating on the rock.
The lindwurm bites you!
You die...

#####################************
..#__#..))..#))#@k§.+,,,,,,+,,*^^
..'..'..#...##+#§####,,,,,**,,+^^
#'#__####...+,,#§#,***,,,*******+
#.####,,#####,,+§#+*,***+*,,,**,,
#.#≈≈≈,,*,,**+*###^,,*,*,**,,,*,,
_.+≈≈≈,,+,,*,,,,,*,,,***,,***,*,,
._#≈≈≈,,*,,*,,,^,+,,,,,**,*,*,*,,
#'##+###**+***,,^*^,,,,*,,***,*,,
#[#....###,+,*,,^***++**,**,,,*,,


You could see a lindwurm.

Vanquished Creatures
  Sonja (D)
  A deep troll (D)
  8 shining eyes (D)
  2 kobold demonologists (D)
  A slime creature (D)
  Sigmund (D)
  A yak (D)
  5 floating eyes (D)
  An ogre (D)
  A jelly (D)
  Ijyb (D)
23 creatures vanquished.

Vanquished Creatures (others)
  A gargoyle (D)
  2 ballistomycete spores (D)
3 creatures vanquished.

Grand Total: 26 creatures vanquished

Notes
Turn   | Place    | Note
-------+----------+-------------------------------------------
     0 | D        | Zeld the Gargoyle Earth Elementalist began the quest for
                  | the Orb.
     0 | D        | Reached XP level 1. HP: 10/10 MP: 3/3
     5 | D        | Noticed Ijyb
    22 | D        | Killed Ijyb
    23 | D        | Reached skill level 6 in Earth Magic
    23 | D        | Reached XP level 2. HP: 13/15 MP: 1/6
    23 | D        | Reached XP level 3. HP: 16/19 MP: 1/7
   300 | D        | Learned a level 2 spell: Passwall
   304 | D        | Learned a level 3 spell: Stone Arrow
   354 | D        | Killed a gargoyle
   517 | D        | Noticed an ogre
   521 | D        | Killed an ogre
   522 | D        | Reached skill level 8 in Earth Magic
   522 | D        | Reached XP level 4. HP: 24/24 MP: 4/10
   527 | D        | Learned a level 4 spell: Petrify
   858 | D        | Noticed Sigmund
   864 | D        | Killed Sigmund
   865 | D        | Reached skill level 5 in Dodging
   865 | D        | Reached skill level 5 in Spellcasting
   865 | D        | Reached skill level 10 in Earth Magic
   865 | D        | Reached XP level 5. HP: 28/28 MP: 7/13
   865 | D        | Reached XP level 6. HP: 32/32 MP: 7/14
   871 | D        | Learned a level 5 spell: Lee's Rapid Deconstruction
  1102 | D        | Found an ornate altar of the Wu Jian Council.
  1102 | D        | Found a shimmering blue altar of Sif Muna.
  1104 | D        | Found a radiant altar of Vehumet.
  1126 | D        | Became a worshipper of Sif Muna the Loreminder
  1128 | D        | Reached skill level 11 in Earth Magic
  1383 | D        | Found Ilick's Book Emporium.
  1383 | D        | Found an ancient bone altar of Kikubaaqudgha.
  1383 | D        | Found a hazy altar of Hepliaklqana.
  1383 | D        | Found a hide-covered altar of Uskayaw.
  1383 | D        | Found a basalt altar of Yredelemnul.
  1383 | D        | Found an opulent altar of Gozag.
  1383 | D        | Found a snail-covered altar of Cheibriados.
  1383 | D        | Found a sacrificial altar of Ru.
  1383 | D        | Found a shadowy altar of Dithmenos.
  1383 | D        | Noticed a yak
  1386 | D        | Killed a yak
  1387 | D        | Reached skill level 12 in Earth Magic
  1387 | D        | Reached XP level 7. HP: 33/36 MP: 6/17
  1387 | D        | Found a stormy altar of Qazlal.
  1387 | D        | Found a blossoming altar of Fedhas.
  1387 | D        | Found a bloodstained altar of Trog.
  1387 | D        | Found an iron altar of Okawaru.
  1387 | D        | Found a glowing golden altar of the Shining One.
  1387 | D        | Found a glowing silver altar of Zin.
  1387 | D        | Found a white marble altar of Elyvilon.
  1388 | D        | Found a sparkling altar of Nemelex Xobeh.
  1559 | D        | Noticed Sonja
  1561 | D        | Killed Sonja
  1561 | D        | Reached * piety under Sif Muna
  1562 | D        | Reached skill level 13 in Earth Magic
  1562 | D        | Reached XP level 8. HP: 41/41 MP: 7/19
  2152 | D        | Noticed a deep troll
  2156 | D        | Killed a deep troll
  2157 | D        | Reached skill level 14 in Earth Magic
  2305 | D        | Found Xeiklage's Armour Emporium.
  2309 | D        | Bought a +0 cloak of willpower for 149 gold pieces
  2352 | D        | Found Zaishr Noipn's Magic Scroll Boutique.
  2360 | D        | Bought a scroll of magic mapping for 38 gold pieces
  2360 | D        | Bought a scroll of identify for 22 gold pieces
  2360 | D        | Bought a scroll of identify for 22 gold pieces
  2368 | D        | Noticed a shining eye
  2368 | D        | Noticed a shining eye
  2368 | D        | Noticed a shining eye
  2370 | D        | Reached ** piety under Sif Muna
  2370 | D        | Noticed a shining eye
  2371 | D        | Reached XP level 9. HP: 45/45 MP: 12/21
  2371 | D        | Noticed a shining eye
  2371 | D        | Gained mutation: You are weak. (Str -2) [a shining eye]
  2371 | D        | Noticed a shining eye
  2372 | D        | Gained mutation: You are dopey. (Int -2) [a shining eye]
  2372 | D        | Gained mutation: Your body sometimes deteriorates upon
                  | taking damage. [a shining eye]
  2372 | D        | Noticed a shining eye
  2372 | D        | Gained mutation: Potions are less effective at restoring
                  | your health. [a shining eye]
  2375 | D        | Gained mutation: Your magical capacity is low. (-10% MP) [a
                  | shining eye]
  2550 | D        | Noticed a shining eye
  2555 | D        | Gained mutation: You tend to lose your temper in combat. [a
                  | shining eye]
  2558 | D        | Killed a shining eye
  2559 | D        | Reached skill level 15 in Earth Magic
  2559 | D        | Reached skill level 10 in Invocations
  2810 | D        | Killed a shining eye
  2810 | D        | Reached *** piety under Sif Muna
  2811 | D        | Killed a shining eye
  2812 | D        | Reached skill level 16 in Earth Magic
  2812 | D        | Gained mutation: Your spells are a little easier to cast,
                  | but a little less powerful. [a shining eye]
  3038 | D        | Killed a shining eye
  3039 | D        | Reached XP level 10. HP: 50/50 MP: 0/21
  3045 | D        | Gained mutation: You are frail. (-10% HP) [a shining eye]
  3046 | D        | Gained mutation: You are partially covered in slimy green
                  | scales. (AC +2) [a shining eye]
  3048 | D        | Killed a shining eye
  3053 | D        | Gained mutation: You occasionally shout uncontrollably at
                  | your foes. [a shining eye]
  3283 | D        | Gained mutation: Armour fits poorly on your strangely
                  | shaped body. [a shining eye]
  3286 | D        | Lost mutation: Your body sometimes deteriorates upon taking
                  | damage. [a shining eye]
  3287 | D        | Killed a shining eye
  3287 | D        | Reached **** piety under Sif Muna
  3287 | D        | Gained mutation: You are very frail. (-20% HP) [a shining
                  | eye]
  3465 | D        | Gained mutation: Your spells are easier to cast, but less
                  | powerful. [a shining eye]
  3467 | D        | Killed a shining eye
  3467 | D        | Gained mutation: You often lose your temper in combat. [a
                  | shining eye]
  3468 | D        | Reached skill level 10 in Spellcasting
  3468 | D        | Reached skill level 17 in Earth Magic
  3471 | D        | Gained mutation: Your body sometimes deteriorates upon
                  | taking damage. [a shining eye]
  3699 | D        | Gained mutation: You have an uncontrollable temper. [a
                  | shining eye]
  3701 | D        | Killed a shining eye
  3711 | D        | Found Zytad's Book Shop.
  3711 | D        | Found Ilehood's Armour Shoppe.
  3711 | D        | Found Centikukh's General Store.
  3711 | D        | Found Kiqicrodd's Gadget Emporium.
  3722 | D        | Bought a potion of heal wounds for 55 gold pieces
  3731 | D        | Bought a +2 helmet for 165 gold pieces
  3731 | D        | Bought a +0 pair of boots for 45 gold pieces
  3745 | D        | Bought a wand of polymorph (11) for 182 gold pieces
  3953 | D        | Found a burning altar of Makhleb.
  3953 | D        | Found a viscous altar of Jiyva.
  3953 | D        | Found a shimmering altar of Xom.
  3953 | D        | Found a corrupted altar of Lugonu.
  4092 | D        | Noticed a kobold demonologist
  4093 | D        | Noticed a kobold demonologist
  4094 | D        | Reached ***** piety under Sif Muna
  4095 | D        | Killed a kobold demonologist
  4095 | D        | Identified Sif Muna's Catalogue of Doomed Feathers (Sif
                  | Muna gifted it to you in the Dungeon)
  4095 | D        | Received a gift from Sif Muna
  4108 | D        | Killed a kobold demonologist
  4208 | D        | Noticed a lindwurm
  4214 | D        | Slain by a lindwurm

Illustrated notes

Levels and vault maps discovered:
D:        dungeon_sprint_1 [red_sonja_temple_1, red_sonja_temple_small_1]

Skill      XL: |  1  2  3  4  5  6  7  8  9 10 |
---------------+-------------------------------+-----
Dodging        | 2 4 5 6 7 8 9 |  9.5
Spellcasting   | 3 4 5 6 7 8 9 10 | 10.3
Earth Magic    | 6 8 10 12 13 14 16 17 | 17.5
Invocations    | 3 7 9 11 13 | 13.4
Stealth        | |  2.1
Transmutations | |  0.7

Action                   |  1- 3 |  4- 6 |  7- 9 | 10-12 || total
-------------------------+-------+-------+-------+-------++-------
Melee: Unarmed           |    13 |     2 |     3 |    25 ||    43
 Cast: Sandblast         |     6 |     4 |     1 |     2 ||    13
       Passwall          |     2 |       |       |     3 ||     5
       Stone Arrow       |       |     3 |     8 |    22 ||    33
       Lee's Rapid Decon |       |       |    14 |     6 ||    20
  Use: Potion            |     1 |       |       |       ||     1
       Scroll            |       |       |     2 |       ||     2
Armor: Robe              |     2 |     1 |       |     6 ||     9
Dodge: Dodged            |     3 |     3 |       |     7 ||    13
